 Dungeon Crawl Stone Soup version 0.28.0 (webtiles) character file.

Game seed: 14381345859379731107

459 dolemite99 the Cleaver (level 6, 0/51 HPs)
             Began as a Minotaur Fighter on Feb 5, 2022.
             Was an Initiate of Yredelemnul.
             Slain by a gnoll sergeant (6 damage)
             ... on level 4 of the Dungeon.
             The game lasted 00:03:44 (3588 turns).

dolemite99 the Cleaver (Minotaur Fighter)           Turns: 3588, Time: 00:03:45

Health: 0/51       AC:  8    Str: 23    XL:     6   Next: 78%
Magic:  5/5        EV:  9    Int:  5    God:    Yredelemnul [......]
Gold:   158        SH:  4    Dex:  9    Spells: 5/5 levels left

rFire   . . .      SeeInvis .   a - +2 war axe (flame)
rCold   . . .      Faith    .   c - +0 buckler
rNeg    . . .      Spirit   .   b - +0 scale mail
rPois   .          Reflect  .   (helmet restricted)
rElec   .          Harm     .   m - +0 cloak
rCorr   .          Rampage  .   (no gloves)
Will    .....                   (no boots)
Stlth   ..........              (no amulet)
HPRegen 0.17/turn               (no ring)
MPRegen 0.09/turn               (no ring)

@: no status effects
A: horns 2, retaliatory headbutt
a: Renounce Religion, Recall Undead Harvest


You were on level 4 of the Dungeon.
You worshipped Yredelemnul.
Yredelemnul was noncommittal.
You visited 1 branch of the dungeon, and saw 4 of its levels.

You collected 158 gold pieces.

Inventory:

Hand Weapons
 a - a +2 war axe of flaming (weapon)
 l - a +0 war axe
Missiles
 g - 32 stones (quivered)
 j - 15 sling bullets
 k - 60 arrows
Armour
 b - a +0 scale mail (worn)
 c - a +0 buckler (worn)
 m - a +0 cloak (worn)
Scrolls
 d - a scroll of enchant armour {unknown}
 e - 2 scrolls of immolation {unknown}
 h - 4 scrolls of identify {unknown}
 o - a scroll of brand weapon {unknown}
Potions
 f - 2 potions of brilliance {unknown}
 i - 4 potions of attraction {unknown}
 n - a potion of curing {unknown}


   Skills:
 - Level 3.6 Fighting
 + Level 8.9 Axes
 - Level 3.6 Armour
 - Level 3.6 Shields


You had 5 spell levels left.
You didn't know any spells.
Your spell library contained the following spells:

 Spells                   Type           Power      Damage    Failure   Level
 Animate Skeleton         Necr           0%         N/A       86%         1
 Beastly Appendage        Tmut           0%         N/A       86%         1
 Foxfire                  Conj/Fire      0%         2x1d4     86%         1
 Pain                     Necr           0%         1d4       86%         1
 Ensorcelled Hibernation  Hex/Ice        0%         N/A       95%         2
 Passwall                 Tmut/Erth      0%         N/A       95%         2
 Wereblood                Tmut           0%         N/A       95%         2
 Conjure Flame            Conj/Fire      0%         6-21      99%         3
 Inner Flame              Hex/Fire       0%         N/A       99%         3
 Spider Form              Tmut/Pois      0%         N/A       99%         3
 Swiftness                Air            0%         N/A       99%         3
 Vampiric Draining        Necr           0%         2d6       99%         3
 Flame Wave               Conj/Fire      0%         2d4       100%        4


Dungeon Overview and Level Annotations

Branches:
Dungeon (4/15)
 Temple: D:4-7

Altars:
Uskayaw
Yredelemnul


Innate Abilities, Weirdness & Mutations

You have a pair of horns on your head.
You reflexively headbutt those who attack you in melee.


Message History

The iguana bites you.
The orc shouts!
You slash the iguana! You burn the iguana. Your headbutt misses the iguana.
The iguana is severely wounded.
The gnoll hits you but does no damage. The iguana bites you.
Your gnoll zombie barely misses the iguana.
You slash the iguana! You burn the iguana.
You kill the iguana!
The gnoll hits you from afar with a +0 spear.
The gnoll sergeant hits you from afar with a +0 spear.
You miss the adder. You headbutt the adder!
The adder is severely wounded.
The adder bites you. The gnoll barely misses you.
You block the gnoll sergeant's attack. The adder bites you but does no damage.
The gnoll hits you but does no damage.
The gnoll sergeant hits you with a +0 spear!
The adder barely misses you. You block the gnoll's attack.
You hit the gnoll sergeant. You burn the gnoll sergeant.
The gnoll sergeant is moderately wounded.
You miss the adder. You closely miss the gnoll.
The gnoll hits you from afar with a +0 spear.
The gnoll sergeant hits you with a +0 spear!
The adder bites you but does no damage.
Your gnoll zombie hits the gnoll.
The gnoll completely misses you. You furiously retaliate!
You headbutt the gnoll! You slash the gnoll sergeant!
You burn the gnoll sergeant.
You headbutt the gnoll sergeant, but do no damage.
The gnoll sergeant is almost dead.
You hit the gnoll but do no damage. You miss the adder. The adder bites you.
* * * LOW HITPOINT WARNING * * *
The gnoll hits you but does no damage.
The gnoll sergeant hits you with a +0 spear.
* * * LOW HITPOINT WARNING * * *
The gnoll hits you with a +0 whip.
* * * LOW HITPOINT WARNING * * *
Your gnoll zombie closely misses the gnoll.
The adder barely misses you. The gnoll barely misses you.
The gnoll sergeant hits you from afar with a +0 spear.
You die...
Your body rises from the dead as a mindless zombie.

......#
.....#
.....# ####
#....#
##...##....#
...........#
...........#
......o.@<.#
......g.S..#
......g)<..#
......gZ...#
...........#
...........#
...........#
.....#######
#####


You could see a gnoll sergeant, 2 gnolls, an adder, an orc and a friendly gnoll
zombie.

Vanquished Creatures
  A water moccasin (D:3)
  A scorpion (D:2)
  A hound (D:3)
  Crazy Yiuf (D:2)
  An iguana (D:4)
  A scorpion zombie (D:3)
  3 adders (D:3)
  5 gnolls
  2 worms (D:2)
  2 dart slugs
  2 orcs (D:3)
  3 ball pythons
  5 endoplasms
  6 giant cockroaches
  6 hobgoblins
  4 jackals (D:1)
  7 kobolds
  A quokka (D:2)
  2 bats (D:1)
  2 frilled lizards
  7 goblins
  4 rats
67 creatures vanquished.

Vanquished Creatures (collateral kills)
  2 gnolls (D:3)
  An orc (D:3)
  3 endoplasms
  2 goblins (D:3)
  A hobgoblin (D:1)
  A quokka (D:2)
  2 bats
  A kobold (D:3)
13 creatures vanquished.

Vanquished Creatures (others)
  An adder zombie (D:3)
  A bat zombie (D:3)
  A gnoll zombie (D:3)
  2 ball python zombies
  A dart slug zombie (D:2)
  A frilled lizard zombie (D:2)
  3 goblin zombies
  3 hobgoblin zombies
  2 kobold zombies
  An orc zombie (D:3)
  A quokka zombie (D:2)
  A rat zombie (D:3)
  4 spectral endoplasms
  3 fungi (D:2)
  20 plants
45 creatures vanquished.

Grand Total: 125 creatures vanquished

Notes
Turn   | Place    | Note
-------+----------+-------------------------------------------
     0 | D:1      | dolemite99 the Minotaur Fighter began the quest for the
                  | Orb.
     0 | D:1      | Reached XP level 1. HP: 19/19 MP: 0/0
   165 | D:1      | Reached skill level 3 in Axes
   378 | D:1      | Reached XP level 2. HP: 26/26 MP: 1/1
   546 | D:1      | Found a faded altar of an unknown god.
   554 | D:1      | Prayed at the altar of an unknown god.
   554 | D:1      | Became a worshipper of Yredelemnul the Dark
   554 | D:1      | Reached * piety under Yredelemnul
   767 | D:1      | Reached ** piety under Yredelemnul
   913 | D:1      | Reached skill level 4 in Axes
   997 | D:1      | Reached XP level 3. HP: 26/31 MP: 2/2
  1346 | D:2      | Noticed a scorpion
  1351 | D:2      | Killed a scorpion
  1352 | D:2      | Reached skill level 5 in Axes
  1352 | D:2      | Reached XP level 4. HP: 37/39 MP: 3/3
  1624 | D:2      | Reached skill level 6 in Axes
  1821 | D:2      | Found a runed translucent door.
  1917 | D:2      | Noticed Crazy Yiuf
  2136 | D:2      | Killed Crazy Yiuf
  2137 | D:2      | Reached XP level 5. HP: 23/45 MP: 4/4
  2708 | D:3      | Reached skill level 7 in Axes
  2724 | D:3      | Found a hide-covered altar of Uskayaw.
  2989 | D:3      | Reached *** piety under Yredelemnul
  3074 | D:3      | Reached XP level 6. HP: 43/51 MP: 5/5
  3133 | D:3      | Noticed a water moccasin
  3167 | D:3      | Reached skill level 8 in Axes
  3167 | D:3      | Killed a water moccasin
  3588 | D:4      | Slain by a gnoll sergeant

Illustrated notes

Levels and vault maps discovered:
D:1:      kennysheep_arrival_seaside, layout_basic,
          ebering_ecumenical_altar_sacrificial
D:2:      layout_rooms, uniq_crazy_yiuf_cottage
D:3:      layout_rooms, mainiacjoe_overflow_boulevard, serial_bayou_lagoon_a,
          supply_closet_lemuel, hangedman_decor_riveting, minmay_divided_ellipse
D:4:      corexii_shantytown, layout_gridville,
          minmay_temple_entry_drinking_statues, minmay_misc_feat_columns

Skill      XL: |  1  2  3  4  5  6 |
---------------+-------------------+-----
Axes           | 3 4 5 6 7 8 |  8.9
Fighting       | |  3.6
Armour         | |  3.6
Shields        | |  3.6

Action                   |  1- 3 |  4- 6 || total
-------------------------+-------+-------++-------
Melee: War axe           |    50 |    95 ||   145
       Headbutt          |     4 |    20 ||    24
Throw: Stone             |       |     4 ||     4
  Use: Potion            |     1 |       ||     1
Armor: Scale mail        |    18 |    45 ||    63
Dodge: Dodged            |    22 |    62 ||    84
Block: Buckler           |    17 |    22 ||    39
